cohdb
Replays
Latest Replays
All Replays
Popular Replays
Top Player Replays
Match Explorer
How It Works
Community
CoH3 Stats
Reddit
Sign in to upload your games and track your stats! →
Sign in with Steam
Match 45312080
Unlisted
Match 45312080
Overview
Messages
Build Orders
End
Construct Section Command Post
Dingo Light Scout Car
Selects Canadian Shock Battlegroup
Infantry Section
Infantry Section
ML 3-inch Mortar Team
Selects Attacking Spirit
Selects Canadian Shock Section
Canadian Shock Section
Selects Incendiary Munitions
Construct Platoon Command Post
6-pounder Anti-tank Gun Team
Infantry Training
Selects Pyrotechnics
Construct Company Command Post
Unlock M3 Grant Medium Tanks
M3 Grant Medium Tank
Selects Churchill Crocodile Heavy Tank
Canadian Shock Section
M3 Grant Medium Tank
Armored Vehicle Training
Ruffe
Sir Biggus
156ff
T.R. Olvadi
Nico-Nico-Nii~~
Silver
0
0
Comments
sign in to comment!
No comments posted yet!